[Event "*** Titled Tuesday Blitz"]
[Site "Chess.com"]
[Date "2020.03.03"]
[Round "7"]
[White "swayamsm"]
[Black "AndreyNeves"]
[Result "1-0"]
[WhiteElo "2481"]
[BlackElo "2192"]
[TimeControl "180+1"]
[EndTime "10:14:07 PST"]
[Termination "swayamsm won by checkmate"]

1. d4 Nf6 2. Nf3 e6 3. Bf4 b6 4. e3 Bb7 5. Bd3 Bd6 6. Bg3 O-O 7. Nbd2 Nc6 8. e4 Bxg3 9. hxg3 Nb4 10. Qe2 Nxd3+ 11.
Qxd3 d5 12. e5 Ne4 13. O-O-O c5 14. Rh4 c4 15. Qe3 c3 16. Nxe4 cxb2+ 17. Kb1 dxe4 18. Ng5 h6 19. Nxe4 Bxe4 20. Rxe4 Qd5 21. Rg4 f5 22. Rg6 Kf7 23. Rxh6 gxh6 24. Qxh6 Rg8 25. Qf6+ Ke8 26. Rh1 Qd7 27. d5 Qe7 28. dxe6 Rd8 29. Qh6 Rd5 30. Qh5+ Kd8 31. Qxf5 Kc7 32. f4 a5 33. g4 a4 34.
Rh7 Rg7 35. Rxg7 Qxg7 36. a3 Rd1+ 37. Kxb2 b5 38. Qf7+ Qxf7 39. exf7 Rd8 40. g5 Kd7 41. g6 Ke7 42. f5 Rd5 43. f6+ Kf8 44. e6 Re5 45. g7# 1-0

[Event "*** Titled Tuesday Blitz"]
[Site "Chess.com"]
[Date "2020.03.03"]
[Round "7"]
[White "Resignify"]
[Black "GM-2023"]
[Result "0-1"]
[WhiteElo "2232"]
[BlackElo "2058"]
[TimeControl "180+1"]
[EndTime "10:14:09 PST"]
[Termination "GM-2023 won on time"]

1. e4 e5 2. Nf3 Nc6 3. Bb5 a6 4. Ba4 Nf6 5. Qe2 b5 6. Bb3 d6 7.
a4 b4 8. Ng5 d5 9. exd5 Nxd5 10.
d4 Be7 11. Nxf7 Kxf7 12. Qf3+ Ke8 13. Qxd5 Qxd5 14. Bxd5 Bb7 15. Bxc6+ Bxc6 16. O-O exd4 17. Bf4 Kd7 18. Nd2 Bd5 19. Rfe1 c5 20. b3 Rae8 21.
Rad1 Rhf8 22. Bg3 Bd6 23. Bxd6 Kxd6 24. f3 Kd7 25. Kf2 Kd6 26. Rxe8 Rxe8 27. Re1 Rxe1 28. Kxe1 Ke5 29. Ke2 g5 30. Kd3 Be6 31. Nc4+ Kd5 32. Nb2 Bf5+ 33. Kd2 h5 34. Nc4 h4 35. Nb6+ Kc6 36. Nc4 h3 37. g3 Be6 38. Ne5+ Kd5 39. Nd3 a5 40. Ke2 c4 41. bxc4+ Kxc4 42. Kd2 Bf5 0-1

[Event "*** Titled Tuesday Blitz"]
[Site "Chess.com"]
[Date "2020.03.03"]
[Round "7"]
[White "GodDMuhammad"]
[Black "Mikedannnn"]
[Result "0-1"]
[WhiteElo "2343"]
[BlackElo "2532"]
[TimeControl "180+1"]
[EndTime "10:14:12 PST"]
[Termination "Mikedannnn won by resignation"]

1. f4 d5 2. Nf3 g6 3. g3 Bg7 4. Bg2 c5 5. d3 Nc6 6. c3 e5 7. Qc2 Nge7 8. O-O O-O 9. e4 exf4 10.
Bxf4 dxe4 11. dxe4 h6 12. Nbd2 Be6 13. Rfe1 c4 14.
Rad1 Qa5 15. a3 Rad8 16. Nf1 Qb5 17. h3 Kh7 18. Ne3 g5 19. Bd6 Rxd6 20. Rxd6 Ne5 21. Qd1 N7g6 22. Rd2 Nxf3+ 23. Qxf3 Ne5 24. Qf1 Nd3 25.
Ree2 Be5 26. Nf5 Qc5+ 27. Kh2 Qc7 28. Qf3 f6 29. Bf1 Bxf5 30. exf5 Kg7 31. Bg2 h5 32. Qxh5 Bxg3+ 33. Kh1 Nf4 34. Qg4 Nxe2 35. Qxe2 Be5 36. Qh5 Qf7 37. Qxf7+ Rxf7 38. Rd8 Rc7 39. Bd5 b5 40. Kg2 a5 41. Kf3 b4 42. axb4 axb4 43. Kg4 bxc3 44. bxc3 Bxc3 45. Kh5 Be5 46. Rg8+ Kh7 47.
Rd8 c3 48. Bb3 c2 49. Bxc2 Rxc2 50. Rd7+ Kg8 51. Kg6 Kf8 52. Rh7 Rc4 53. Rh6 Rh4 54. Rxh4 gxh4 55. Kh5 Bg3 56. Kg6 Ke7 57. Kg7 Bf4 58.
Kg6 Bg5 59. Kg7 Kd6 60. Kg6 Ke5 61. Kh5 Kf4 62. Kg6 Kg3 63. Kh5 Kxh3 64. Kg6 Kg3 65. Kh5 h3 66. Kg6 h2 0-1

[Event "*** Titled Tuesday Blitz"]
[Site "Chess.com"]
[Date "2020.03.03"]
[Round "7"]
[White "maestroza"]
[Black "cottage_cheese"]
[Result "1-0"]
[WhiteElo "2465"]
[BlackElo "2294"]
[TimeControl "180+1"]
[EndTime "10:14:12 PST"]
[Termination "maestroza won by resignation"]

1. d4 d5 2. Nf3 Nf6 3. e3 Bg4 4. c4 dxc4 5. Bxc4 e6 6. O-O a6 7. Be2 c5 8. Qb3 Qc7 9. h3 Bh5 10. Nc3 Nc6 11. d5 exd5 12. Nxd5 Nxd5 13. Qxd5 Bg6 14. b3 Rd8 15. Qc4 Be7 16. Bb2 O-O 17. Rfd1 b5 18. Qc3 Bf6 19. Qc1 Rxd1+ 20. Bxd1 Bxb2 21.
Qxb2 Rd8 22. Rc1 Nb4 23. Be2 Qb6 24. Ne5 Bf5 25. a3 Nd5 26. Bf3 f6 27. Ng4 Be6 28. Qc2 Rc8 29. Rd1 Ne7 30. e4 c4 31. bxc4 bxc4 32. e5 f5 33. Ne3 c3 34. Rd6 Qb3 35. Bd1 Qxc2 36. Bxc2 Kf7 37. Rxa6 Rd8 38. Ra7 Rd2 39.
g3 g5 40. f4 gxf4 41. gxf4 Re2 42. Nxf5 Bxf5 43. Bxf5 c2 44. Bxc2 Rxc2 45. f5 Re2 46. f6 Rxe5 47. Rxe7+ Rxe7 48. fxe7 Kxe7 49. Kg2 Kd6 50.
Kg3 Kc5 51. Kg4 Kb5 52. Kh5 Ka4 53. Kh6 Kxa3 54. Kxh7 Kb4 55. Kg7 Kc5 56. h4 Kd5 57. h5 Ke5 58. h6 Kf5 59. h7 1-0

[Event "*** Titled Tuesday Blitz"]
[Site "Chess.com"]
[Date "2020.03.03"]
[Round "7"]
[White "ahachess"]
[Black "earling8018"]
[Result "0-1"]
[WhiteElo "2175"]
[BlackElo "2026"]
[TimeControl "180+1"]
[EndTime "10:14:15 PST"]
[Termination "earling8018 won by resignation"]

1. d4 d5 2. c4 e6 3. g3 Nf6 4.
Bg2 Be7 5. Nf3 O-O 6. O-O c6 7.
Nbd2 b6 8. Qc2 Bb7 9. b3 Nbd7 10.
Bb2 Rc8 11. Rfd1 c5 12. Rac1 Qc7 13. Qb1 Qb8 14. e3 dxc4 15. Nxc4 Qa8 16. Ne1 Bxg2 17. Nxg2 cxd4 18. Bxd4 Qf3 19. Ne1 Qh5 20. Qd3 Nc5 21.
Bxc5 Bxc5 22. Kg2 e5 23. Nd6 Rcd8 24. Rxc5 bxc5 25. Qc4 Qxd1 26. Nxf7 Qd5+ 27. Qxd5 Rxd5 28. Ng5 e4 29. Ne6 Rc8 30. Nc2 Rd2 31. Na3 Rxa2 32. Nc4 Rb8 33. Nxc5 Nd5 34. h4 Rc8 35. Nxe4 Rxc4 36.
bxc4 Nxe3+ 37. Kf3 Nxc4 38. Nc5 a5 39. Ke4 a4 40.
Kd3 Ne5+ 41. Kc3 Rxf2 42. Kb4 Rf3 43. Ne4 Re3 44. Nd6 a3 45. Nf5 Rf3 46. Nd4 Rxg3 47. Nc2 a2 48. Kc5 Nd3+ 49. Kd4 Nc1 50. Na1 Ra3 51.
Kc5 Nb3+ 52. Kd6 Nxa1 53. Ke7 Nb3 0-1

[Event "*** Titled Tuesday Blitz"]
[Site "Chess.com"]
[Date "2020.03.03"]
[Round "7"]
[White "Korona_91"]
[Black "vladimirdamjanovic"]
[Result "0-1"]
[WhiteElo "2432"]
[BlackElo "2637"]
[TimeControl "180+1"]
[EndTime "10:14:19 PST"]
[Termination "vladimirdamjanovic won on time"]

1. e4 c5 2. Nf3 d6 3. Bb5+ Bd7 4.
c4 Nc6 5. Nc3 Nf6 6. O-O g6 7.
d4 cxd4 8. Nxd4 Bg7 9. h3 Nxe4 10. Bxc6 Bxc6 11. Nxe4 Bxe4 12. Re1 Bc6 13. Bg5 Be5 14.
f4 Bxd4+ 15. Qxd4 Qb6 16. Rxe7+ Kf8 17. Qxb6 axb6 18. Bf6 h6 19. Rae1 Rg8 20. Rc7 g5 21. f5 g4 22. h4 Re8 23. Rxe8+ Bxe8 24. Rxb7 g3 25. Be7+ Kg7 26. Bxd6 Kf6 27. Rxb6 Kxf5 28. Rb3 Rg4 29. c5 Rxh4 30. Rxg3 Bc6 31. Kf2 Rc4 32. Rb3 Rc2+ 33. Ke3 Bxg2 34. a4 h5 35. Rb4 h4 36.
Rxh4 Rxb2 37. Rf4+ Ke6 38. a5 Ra2 39. Bc7 f5 40. Rd4 Bd5 41. Rb4 Bc6 42. Kd4 Rd2+ 43. Kc3 Ra2 44. Rh4 Be4 45. a6 Kd5 0-1

[Event "*** Titled Tuesday Blitz"]
[Site "Chess.com"]
[Date "2020.03.03"]
[Round "7"]
[White "Rubinstein_Akiba"]
[Black "ajian"]
[Result "0-1"]
[WhiteElo "2414"]
[BlackElo "2299"]
[TimeControl "180+1"]
[EndTime "10:14:20 PST"]
[Termination "ajian won by checkmate"]

1. e4 c5 2. Be2 Nc6 3. f4 g6 4. Nf3 Bg7 5. O-O d6 6. d3 e6 7. c3 Nge7 8. Be3 O-O 9. d4 cxd4 10. cxd4 f5 11. e5 Nd5 12. Qd2 a6 13. Nc3 Nxe3 14. Qxe3 Qb6 15. Rfd1 dxe5 16. fxe5 Bd7 17. Bc4 Na5 18.
Qe2 Nxc4 19. Qxc4 Rac8 20. Qb3 Qxb3 21. axb3 Bc6 22. Kf2 Rfd8 23. Ng5 Re8 24. Nf3 h6 25. Nd2 Kf7 26. Nc4 Bf8 27. g3 g5 28. Ke3 Red8 29. Rf1 Kg6 30. Rad1 b5 31. Nd2 b4 32. Ne2 Bb5 33. Nf3 Be7 34. Rc1 g4 35. Nd2 Bg5+ 36. Nf4+ Bxf4+ 37. gxf4 Bxf1 38. Rxf1 Rc2 39. Nc4 Rxh2 40.
Nd6 Rxb2 41. Kd3 Rxb3+ 42. Kc4 Rf3 43. Ra1 Rxf4 44. Rxa6 g3 45. Ra1 g2 46. Rg1 Rg4 47. Kd3 h5 48. Ke3 h4 49. Nc4 h3 50. Nd2 h2 51. Nf3 hxg1=N 52. Nxg1 b3 53. Kf3 b2 54. Ne2 g1=Q 55. Nf4+ Rxf4+ 56. Kxf4 b1=Q 57. d5 Qe4# 0-1

[Event "*** Titled Tuesday Blitz"]
[Site "Chess.com"]
[Date "2020.03.03"]
[Round "7"]
[White "Volodar_Murzin"]
[Black "talman67"]
[Result "1-0"]
[WhiteElo "2688"]
[BlackElo "2552"]
[TimeControl "180+1"]
[EndTime "10:14:21 PST"]
[Termination "Volodar_Murzin won on time"]

1. e4 e5 2. Nf3 Nc6 3. Bb5 a6 4.
Ba4 Nf6 5. O-O Nxe4 6. Re1 Nc5 7. Bxc6 dxc6 8. Nxe5 Be7 9. d4 Ne6 10. c3 O-O 11. Be3 f6 12. Nd3 Re8 13. Nd2 Nf8 14. Qb3+ Qd5 15. Bf4 Ne6 16. Bg3 Qxb3 17. axb3 Kf7 18.
Nc4 Bd8 19. b4 Nf8 20. Rxe8 Kxe8 21. Re1+ Kf7 22. Na5 Rb8 23. Nc5 Ne6 24. Rxe6 Bxe6 25. Ncxb7 Bd7 26. Nc5 Be8 27. Nxa6 Ra8 28. Nc5 Be7 29. Bxc7 Bxc5 30. bxc5 Ke7 31. f3 Bf7 32. b4 Kd7 33. Bf4 g5 34. Be3 Kc7 35. Kf2 Re8 36. Ke2 f5 37. Kd2 f4 38. Bf2 h5 39.
c4 g4 40. b5 cxb5 41. cxb5 Bd5 42. Bh4 gxf3 43. gxf3 Bxf3 44. Bg5 Re2+ 45. Kc3 Re3+ 46. Kb4 Re4 47. b6+ Kb8 48. Kc4 Be2+ 49. Kd5 Bf3 50. c6 Re8+ 51. Kc5 Bxc6 52. Bxf4+ 1-0

[Event "*** Titled Tuesday Blitz"]
[Site "Chess.com"]
[Date "2020.03.03"]
[Round "7"]
[White "Eltaj_Safarli"]
[Black "Sankalp_Gupta2003"]
[Result "1-0"]
[WhiteElo "3045"]
[BlackElo "2846"]
[TimeControl "180+1"]
[EndTime "10:14:28 PST"]
[Termination "Eltaj_Safarli won on time"]

1. e4 c6 2. Nf3 d5 3. exd5 cxd5 4. Ne5 Qb6 5. d4 Nf6 6. c3 Bf5 7. Bd3 Bxd3 8. Qxd3 Nc6 9. O-O e6 10. Nd2 Nxe5 11. dxe5 Nd7 12. Qg3 g6 13. h4 Bg7 14.
Nf3 a5 15. h5 O-O 16. Re1 a4 17. Ng5 h6 18. Nh3 g5 19. Kh1 f5 20. exf6 Nxf6 21. f3 Rae8 22. Qf2 Qxf2 23. Nxf2 Nxh5 24. Nd3 e5 25. a3 e4 26. fxe4 Rxe4 27. Be3 Rfe8 28. Bf2 Nf4 29. Nxf4 gxf4 30. Red1 Re2 31. Bd4 Bf8 32. Rf1 Bd6 33. Rab1 R8e6 34. b3 Rg6 35. Rf2 Rxf2 36. Bxf2 axb3 37. Rxb3 Re6 38. Rxb7 Bxa3 39. Kh2 Bc1 40. Bd4 Be3 41. Rd7 Bxd4 42. cxd4 Re2 43. Kh3 Re3+ 44. Kg4 Rg3+ 45. Kxf4 Rxg2 46. Rxd5 Kf7 47.
Rd6 Rh2 48. Kf5 Ke7 49. Re6+ Kd7 50. Rg6 Rd2 51. Ke5 Re2+ 52. Kd5 Re7 53. Rxh6 Rg7 54. Kc5 Rg5+ 55. d5 Rg1 56. Rh7+ Kd8 57. Kc6 Rg8 58. d6 Rf8 59. Ra7 1-0

[Event "*** Titled Tuesday Blitz"]
[Site "Chess.com"]
[Date "2020.03.03"]
[Round "7"]
[White "TBergh98"]
[Black "kingofthenil"]
[Result "1-0"]
[WhiteElo "2345"]
[BlackElo "2560"]
[TimeControl "180+1"]
[EndTime "10:14:28 PST"]
[Termination "TBergh98 won by resignation"]

1. d4 Nf6 2. Bg5 d5 3. Bxf6 gxf6 4. e3 c5 5. Bb5+ Nc6 6. c4 a6 7. Ba4 dxc4 8. d5 b5 9. dxc6 bxa4 10. Qxa4 Qc7 11.
Nc3 e6 12. Nb5 Qb6 13. Nc3 Be7 14. O-O-O O-O 15. Qxc4 Qxc6 16. Nge2 Rb8 17. h4 Rb4 18. Qd3 a5 19. Rh3 Ba6 20. Rg3+ Kh8 21. Qd7 Qxd7 22. Rxd7 Rb7 23. Rxb7 Bxb7 24. f3 f5 25. h5 Bd6 26. Nf4 Ba6 27. Kc2 Rd8 28. Rg5 h6 29.
Rg3 Bf1 30. a4 c4 31. Nb5 Bb4 32. Nc3 Bd3+ 33. Nxd3 Rxd3 34. f4 Bc5 35. Nd1 Bb4 36. Nc3 Bd6 37. Rf3 Bc5 38. g3 Rxe3 39. Rxe3 Bxe3 40. Ne2 Kg7 41. Kc3 Kf6 42. Kxc4 Bd2 43. Kd3 Bb4 44. Nd4 e5 45. fxe5+ Kxe5 46. Nc6+ Kd5 47. Nxb4+ axb4 48. b3 f6 49. Ke3 Ke5 50.
Kf3 Kd4 51. Kf4 Kc3 52. a5 Kxb3 53. a6 Kc2 54. a7 b3 55. a8=Q b2 56. Qc6+ Kd1 57.
Qb5 Kc1 58. Qc4+ Kd1 59. Qb3+ Kc1 60. Kxf5 b1=Q+ 61. Qxb1+ Kxb1 62. Kxf6 Kc2 63. Kg6 Kd3 64. Kxh6 Ke4 65. Kg6 Kd5 66. h6 Ke6 67. h7 Ke7 68. h8=Q Ke6 69. Qf6+ 1-0

[Event "*** Titled Tuesday Blitz"]
[Site "Chess.com"]
[Date "2020.03.03"]
[Round "7"]
[White "GukeshDommaraju"]
[Black "M1711"]
[Result "1-0"]
[WhiteElo "2655"]
[BlackElo "2537"]
[TimeControl "180+1"]
[EndTime "10:14:30 PST"]
[Termination "GukeshDommaraju won on time"]

1. Nf3 c5 2. e4 e6 3. g3 Nc6 4. Bg2 Nf6 5. Qe2 e5 6. O-O Be7 7.
c3 O-O 8. Rd1 Re8 9. Na3 Bf8 10.
d3 d5 11. exd5 Nxd5 12. h3 f6 13. Nc4 Be6 14. a4 Qd7 15. Qf1 Rad8 16. a5 Nxc3 17. Ncxe5 fxe5 18. bxc3 Bf5 19. Bg5 Be7 20. Bxe7 Rxe7 21.
Ne1 c4 22. d4 exd4 23. Qxc4+ Be6 24. Qc5 Bxh3 25. Bxc6 bxc6 26. Rxd4 Qe8 27. Rxd8 Qxd8 28. Qxc6 Rc7 29. Qf3 Rf7 30. Qe3 Re7 31. Qf3 Rf7 32. Qh1 Bg4 33. Qe4 Qd2 34. Qe3 Qb2 35. Ra4 Bh3 36. Rh4 Bf5 37. Rd4 h6 38. Rb4 Qa1 39. Kh2 Kh7 40. Nf3 Rf6 41. Rh4 Bg6 42. Ng5+ Kg8 43.
Ne4 Qb2 44. Nxf6+ gxf6 45. Rxh6 Kf7 46. Rh4 Qb1 47. Qxa7+ Ke6 48. Rf4 Be4 49. Qb6+ Kf7 50. Qxb1 1-0

[Event "*** Titled Tuesday Blitz"]
[Site "Chess.com"]
[Date "2020.03.03"]
[Round "7"]
[White "ChainsOfFantasia"]
[Black "Andrei_Belozerov"]
[Result "0-1"]
[WhiteElo "2534"]
[BlackElo "2657"]
[TimeControl "180+1"]
[EndTime "10:14:30 PST"]
[Termination "Andrei_Belozerov won by resignation"]

1. d4 d5 2. Nf3 Nf6 3. c4 c6 4. cxd5 cxd5 5. Nc3 Nc6 6. Bf4 Bf5 7. e3 e6 8. Bd3 Bxd3 9. Qxd3 Be7 10. O-O O-O 11. Rac1 Rc8 12. a3 Nd7 13. e4 dxe4 14.
Qxe4 Nf6 15. Qd3 Nd5 16. Bd2 Nxc3 17. Rxc3 Qd5 18. Rfc1 Rfd8 19. h3 h6 20. Be3 Bf6 21. Rc5 Qd7 22. Qc2 Ne7 23. Ne5 Bxe5 24. dxe5 Rxc5 25.
Qxc5 Rc8 26. Qd6 Rxc1+ 27. Bxc1 Qxd6 28. exd6 Nc6 29. b4 b5 30. Kf1 Kf8 31. Be3 Ke8 32.
Ke2 Kd7 33. Bc5 h5 34. f4 a6 35. g4 hxg4 36. hxg4 Nd8 37. Kd2 Nb7 38. Kd3 Nxd6 39.
Kd4 f6 40. g5 Kc6 41. gxf6 gxf6 42. Ba7 Nf5+ 43. Ke4 Nd6+ 44. Kd4 Nc4 45. a4 e5+ 46.
fxe5 fxe5+ 47. Kc3 Kd5 48. axb5 axb5 49. Bf2 Ke4 50.
Bc5 Kf3 51. Kd3 e4+ 52. Kc2 e3 53. Be7 Ke4 54. Kc3 Ne5 55. Bh4 Nf3 56. Bg3 e2 0-1

[Event "*** Titled Tuesday Blitz"]
[Site "Chess.com"]
[Date "2020.03.03"]
[Round "7"]
[White "FelixJoseYnojosa"]
[Black "Gahan-MG"]
[Result "1-0"]
[WhiteElo "2694"]
[BlackElo "2480"]
[TimeControl "180+1"]
[EndTime "10:14:34 PST"]
[Termination "FelixJoseYnojosa won by resignation"]

1. e4 d5 2. exd5 Nf6 3. c4 e6 4.
dxe6 Bxe6 5. d4 Bb4+ 6. Nc3 Qe7 7. Be3 Nc6 8. d5 O-O-O 9. Qc2 Bxd5 10. cxd5 Nxd5 11.
O-O-O Nxe3 12. fxe3 Qxe3+ 13. Kb1 Bxc3 14. bxc3 Rxd1+ 15. Qxd1 Qxc3 16. Nf3 Rd8 17. Qb3 Qf6 18. Bb5 Qg6+ 19.
Qc2 Qxc2+ 20. Kxc2 Nb4+ 21. Kb3 Nd5 22. Re1 c6 23. Bc4 b5 24. Bxd5 Rxd5 25. Ne5 Kc7 26. Nxf7 Rf5 27. Re7+ Kb6 28. Nd6 Rf2 29. Rb7+ Ka6 30.
Rxg7 c5 31. Ne4 c4+ 32. Ka3 Re2 33. Nc3 Rc2 34. Kb4 Rb2+ 35. Kc5 Rf2 36. g4 Rf8 37.
Nxb5 Rc8+ 38. Kb4 Kb6 39. Rxh7 a5+ 40. Ka4 c3 41. Rh6+ Kb7 42. Rh7+ Kb6 43. Rh6+ Kb7 44. Nxc3 Rxc3 45. h3 Rc2 46. Kxa5 Rxa2+ 47. Kb5 Rc2 48. Rh7+ Kc8 49. g5 Kd8 50. h4 Ke8 51. h5 Kf8 52.
Rd7 Rg2 53. Rd5 Ke7 54. h6 Ke6 55. h7 Rh2 56. g6 Kxd5 57. g7 Rb2+ 58. Ka4 Ra2+ 59.
Kb3 1-0

[Event "*** Titled Tuesday Blitz"]
[Site "Chess.com"]
[Date "2020.03.03"]
[Round "7"]
[White "WeAintSurePal"]
[Black "KacperPolOK"]
[Result "1-0"]
[WhiteElo "2313"]
[BlackElo "2396"]
[TimeControl "180+1"]
[EndTime "10:14:42 PST"]
[Termination "WeAintSurePal won by resignation"]

1. d4 e6 2. e4 d5 3. Nc3 Nf6 4. e5 Nfd7 5. Nce2 c5 6. c3 Nc6 7. Nf3 Be7 8. a3 O-O 9. Nf4 a5 10. Bd3 Nb6 11. h4 f5 12. exf6 Bxf6 13. Bxh7+ Kxh7 14. Ng5+ Kg8 15. Qh5 Bxg5 16. hxg5 Rf5 17. Qh8+ Kf7 18.
g6+ Ke7 19. Qxg7+ Kd6 20. Nd3 cxd4 21. cxd4 Qf6 22. Qxf6 Rxf6 23. g7 Rg6 24. Bf4+ Ke7 25. Rh7 Kf7 26. Be5 Bd7 27. Nf4 Rg8 28. Nxg6 Kxg6 29.
Rh8 Kf7 30. Rxg8 Kxg8 31. f4 Nxe5 32. fxe5 Kxg7 33. Rc1 Bc6 34. b3 a4 35. bxa4 Nc4 36. Ke2 Bxa4 37. Rc3 Bb5 38. Kf3 Kg6 39. Kf4 Nd2 40.
Rg3+ Kf7 41. Rh3 Bc6 42. g4 Ne4 43. g5 Kg6 44. Rh8 Kf7 45. Rc8 Ba4 46. Rc7+ Kg6 47.
Rxb7 Nxg5 48. Re7 Bc2 49. Re8 Kf7 50. Rc8 Nh3+ 51. Kg3 Bf5 52. a4 Ng5 53. a5 Bd3 54. Kf4 Ne4 55. Ke3 Bf1 56. Rc7+ Ke8 57. Rc6 Kd7 58.
Rb6 Nc3 59. a6 Nb5 60. a7 Nxa7 61. Rb7+ Kc6 62. Rxa7 Bh3 63. Ra1 Bf5 64. Rg1 Kb5 65. Rg5 Kc6 66. Rg7 Kb6 67. Kf4 Kc6 68. Rf7 Kb6 69.
Rxf5 1-0

[Event "*** Titled Tuesday Blitz"]
[Site "Chess.com"]
[Date "2020.03.03"]
[Round "7"]
[White "hongnhung1234"]
[Black "Safar_From_Afar"]
[Result "0-1"]
[WhiteElo "2236"]
[BlackElo "2143"]
[TimeControl "180+1"]
[EndTime "10:14:44 PST"]
[Termination "Safar_From_Afar won by checkmate"]

1. e4 c5 2. Nc3 g6 3. f4 Bg7 4. Nf3 Nc6 5. Bc4 e6 6. O-O Nge7 7. d3 d5 8. Bb3 O-O 9. Qe1 Nd4 10. Nxd4 cxd4 11.
Ne2 a5 12. a3 b6 13. Ng3 Ba6 14. Rf3 dxe4 15. dxe4 Rc8 16. f5 exf5 17. Bg5 h6 18. Bxe7 Qxe7 19. exf5 Qxe1+ 20. Rxe1 Bc4 21. f6 Bh8 22. Rd1 d3 23. Rdxd3 Bxd3 24. cxd3 Rc6 25.
Ne4 Re8 26. Kf2 Rxe4 27. dxe4 Rxf6 28. Ke3 Rxf3+ 29. gxf3 Bxb2 30. a4 g5 31. Bc4 Kg7 32. Bd5 Kf6 33. Bc4 h5 34. Bd5 Ke7 35. Kd3 f6 36.
Kc4 Kd6 37. Kb5 Bd4 38. Kc4 Bc5 39. Kd3 Ke5 40. Ke2 Kd4 41. Bc6 Ke5 42. Bb5 Kf4 43. Bc6 h4 44. h3 Kg3 45. Bd7 Bb4 46. Be6 Bc5 47. Bf5 Kg2 48. Be6 b5 49. axb5 a4 50.
Bg4 a3 51. Be6 a2 52. Bxa2 Kxh3 53. Kf1 Kg3 54. Bd5 h3 55. f4 Kxf4 56. e5 Kxe5 57. Bc6 f5 58. Ke2 g4 59. Kf1 Kf4 60. Bh1 Kg3 61. Bc6 f4 62. Bd5 f3 63. b6 h2 64. Bxf3 gxf3 65. b7 h1=Q# 0-1

[Event "*** Titled Tuesday Blitz"]
[Site "Chess.com"]
[Date "2020.03.03"]
[Round "7"]
[White "HZMC92"]
[Black "MixMasterChess"]
[Result "1/2-1/2"]
[WhiteElo "2361"]
[BlackElo "2093"]
[TimeControl "180+1"]
[EndTime "10:14:44 PST"]
[Termination "Game drawn - insufficient material"]

1. d4 d5 2. c4 c6 3. cxd5 cxd5 4. Nc3 Nc6 5. Nf3 Nf6 6. Bf4 Ne4 7. e3 Nxc3 8. bxc3 g6 9. Bd3 Bg7 10. h3 O-O 11. O-O Na5 12. Nd2 Be6 13. Rb1 b6 14. Ba6 Bc8 15. Bd3 Be6 16. Qa4 Rc8 17. Rfc1 Bf5 18. Bxf5 gxf5 19. c4 dxc4 20. Nxc4 Nxc4 21. Rxc4 Qd5 22. Rxc8 Rxc8 23. Qxa7 e5 24. dxe5 Bxe5 25. Bxe5 Qxe5 26. Qxb6 f4 27. exf4 Qxf4 28. g3 Qf5 29.
h4 Rc2 30. Qd8+ Kg7 31. Qd4+ Kg6 32. a4 f6 33. Rf1 Ra2 34. Qd8 Qe6 35. Qd3+ f5 36.
Qb5 Kh5 37. Rc1 Kg4 38. Qc4+ Qxc4 39. Rxc4+ Kh3 40. Rc1 Rxa4 41. Re1 f4 42. gxf4 Kxh4 43. Kg2 Rxf4 44. Rh1+ Kg4 45. Rxh7 Ra4 46. Rg7+ Kf5 47.
Kg3 Kf6 48. Rg4 Ra6 49. f3 Kf7 50. Rh4 Kf8 51. Re4 Rb6 52. Rf4+ Kg7 53. Re4 Kf7 54.
Kg4 Kg7 55. f4 Kf7 56. Re5 Ra6 57. Rf5+ Kg6 58. Rg5+ Kf7 59. Rh5 Kf8 60. f5 Kf7 61. Kg5 Kf8 62. Rh7 Rb6 63. Rc7 Ra6 64. f6 Ra1 65. Rc8+ Kf7 66. Rc7+ Kf8 67. Rc8+ Kf7 68.
Rc4 Rg1+ 69. Kf5 Rf1+ 70. Kg5 Rg1+ 71. Kf5 Rf1+ 72. Rf4 Rxf4+ 73. Kxf4 Kxf6 1/2-1/2

[Event "*** Titled Tuesday Blitz"]
[Site "Chess.com"]
[Date "2020.03.03"]
[Round "7"]
[White "Quiet_Desperation"]
[Black "Funkmaus"]
[Result "1-0"]
[WhiteElo "2055"]
[BlackElo "2203"]
[TimeControl "180+1"]
[EndTime "10:14:47 PST"]
[Termination "Quiet_Desperation won by resignation"]

1. e4 c6 2. d4 d5 3. e5 Bf5 4. h4 h5 5. Bd3 Bxd3 6. Qxd3 Qa5+ 7. c3 Qa6 8. Qe3 e6 9. Ne2 Ne7 10. Ng3 g6 11. Nd2 Bh6 12. Qf3 c5 13. Nb3 Bxc1 14. Nxc1 cxd4 15. cxd4 Nbc6 16. Nb3 Qc4 17. Ne2 Nf5 18.
Rd1 Qb4+ 19. Qc3 Rc8 20. Kf1 O-O 21. g3 a5 22. Kg2 b6 23. a3 Qb5 24. Qd3 Qxd3 25. Rxd3 a4 26. Nd2 Na5 27. Rc3 Rxc3 28. bxc3 Rc8 29. Rc1 Nc4 30. Nxc4 Rxc4 31. Rb1 Rc6 32.
Rb4 Rc4 33. Rxb6 Kg7 34. Rb4 Rc7 35. Rxa4 Ne7 36. Ra8 Nc6 37. a4 f6 38. f4 g5 39. exf6+ Kxf6 40. hxg5+ Kf5 41. Kf3 Ne7 42. Rf8+ Kg6 43. Rf6+ Kg7 44. Rxe6 Nf5 45. Re5 Kg6 46. Rxd5 Ra7 47. a5 Ne7 48. Rd6+ Kf7 49. Rf6+ Kg7 50. a6 Ng6 51. Rxg6+ Kxg6 52. d5 Rxa6 53. c4 Ra3+ 54. Ke4 Ra2 55. Nd4 Rg2 56. d6 Rxg3 57. Kd5 Rg1 58. d7 Rd1 59. d8=Q Rd2 60. Ke5 h4 61. Qf6+ Kh5 62. Nf5 Re2+ 63. Kd6 Kg4 64. Nh6+ Kf3 65. g6 Rd2+ 66. Ke6 Rc2 67. Kf7 Re2 68. g7 Rg2 69.
g8=Q Rg3 70. Qxg3+ Kxg3 71. Qg5+ Kh3 72. Qg4+ Kh2 73. Qxh4+ Kg1 74. Qg4+ Kf2 75. f5 Ke1 76. f6 Kd2 77. Ke6 Ke3 78. f7 1-0

[Event "*** Titled Tuesday Blitz"]
[Site "Chess.com"]
[Date "2020.03.03"]
[Round "7"]
[White "Parhamov"]
[Black "ChessWarrior7197"]
[Result "0-1"]
[WhiteElo "3052"]
[BlackElo "2920"]
[TimeControl "180+1"]
[EndTime "10:14:51 PST"]
[Termination "ChessWarrior7197 won on time"]

1. e4 e5 2. Nf3 Nc6 3. Bb5 a6 4.
Ba4 Nf6 5. O-O Be7 6. Re1 b5 7. Bb3 O-O 8. c3 d5 9. exd5 Nxd5 10. Nxe5 Nxe5 11. Rxe5 c6 12. d3 Bd6 13. Re1 Bf5 14. Qf3 Re8 15. Rxe8+ Qxe8 16. Nd2 Qe1+ 17. Nf1 Bg6 18.
a4 Re8 19. axb5 axb5 20. h4 Nf6 21. Qd1 Qxd1 22. Bxd1 Bxd3 23. Be3 Nd5 24. Bf3 Bc4 25. Ra6 Bxf1 26. Bxd5 cxd5 27. Kxf1 Be5 28. Rb6 Rb8 29. Rc6 h6 30. Rc5 b4 31. g3 bxc3 32. bxc3 Bf6 33. Ke2 Rb3 34. Kd3 Ra3 35. Kc2 g5 36. h5 Kg7 37. g4 Kh7 38. Kd3 Kg7 39. f3 Kg8 40. Bc1 Ra1 41. Bd2 Rf1 42. Ke2 Rh1 43. Rxd5 Rh2+ 44. Kd3 Kf8 45. c4 Be7 46. c5 Rf2 47.
Ke3 Rf1 48. c6 Ra1 49. c7 Ra8 50.
Bb4 Ke8 51. Re5 Kd7 52. Rxe7+ Kc6 53. Rxf7 Kb5 54. Ke4 Re8+ 0-1

[Event "*** Titled Tuesday Blitz"]
[Site "Chess.com"]
[Date "2020.03.03"]
[Round "7"]
[White "Chigorinetz"]
[Black "VALPARAISO37"]
[Result "0-1"]
[WhiteElo "2561"]
[BlackElo "2412"]
[TimeControl "180+1"]
[EndTime "10:14:55 PST"]
[Termination "VALPARAISO37 won on time"]

1. e4 e5 2. Bc4 Nf6 3. d3 Bc5 4. Nc3 c6 5. Bg5 h6 6. Bh4 b5 7. Bb3 a5 8. a4 b4 9. Nb1 d6 10.
Nd2 Nbd7 11. Ne2 Ba6 12. Nf3 g5 13. Bg3 Rg8 14. d4 exd4 15. Nexd4 Qb6 16. Nf5 Nxe4 17. N3d4 Nxg3 18. hxg3 Rg6 19. Qd2 Ne5 20. O-O-O Bxd4 21. Nxd4 O-O-O 22. Nf5 Rf6 23. Nxh6 Rxf2 24. Qe1 Rxg2 25.
Nf5 Qc5 26. Kb1 Bc4 27. Bxc4 Qxc4 28. Ne3 Qe4 29. Nxg2 Qxg2 30. Qe3 f6 31. Qa7 Qe2 32. Qa8+ Kc7 33. Rde1 Qd2 34. Rd1 Qe2 35. Qxa5+ Kc8 36. Qxb4 c5 37. Qb6 Nc4 38. Qb5 Nd2+ 39. Kc1 Qxb5 40.
axb5 Ne4 41. Rh7 Nxg3 42. Re1 Nf5 43. Re6 Rd7 44. Rh8+ Kc7 45. Rxf6 Nd4 46. b6+ Kxb6 47. c3 Nb3+ 48. Kb1 c4 49. Rc8 Kb5 50. Rff8 d5 51. Rb8+ Kc5 52. Rfc8+ Kd6 53. Rb6+ Ke5 54. Rxc4 dxc4 55.
Rb5+ Ke4 56. Rxg5 Rd1+ 0-1

[Event "*** Titled Tuesday Blitz"]
[Site "Chess.com"]
[Date "2020.03.03"]
[Round "7"]
[White "HrvojeZagreb"]
[Black "ChristianAlm"]
[Result "1-0"]
[WhiteElo "2221"]
[BlackElo "2330"]
[TimeControl "180+1"]
[EndTime "10:14:56 PST"]
[Termination "HrvojeZagreb won on time"]

1. d4 d5 2. Bf4 Nf6 3. e3 g6 4. h4 Bg7 5. h5 O-O 6. Nc3 Nxh5 7.
Rxh5 gxh5 8. Qxh5 c6 9. Bd3 f5 10. Nf3 Qe8 11. Qh2 Nd7 12. O-O-O Nf6 13. Ne5 Ne4 14.
g4 e6 15. Rh1 h5 16. gxh5 Bxe5 17. Bxe5 Kh7 18. Ne2 Rg8 19. Nf4 Qf7 20. Ng6 Bd7 21. Qh4 b6 22. f3 c5 23. fxe4 dxe4 24. Be2 cxd4 25. exd4 Rac8 26. Qe7 Qxe7 27. Nxe7 Rg2 28. Nxc8 Rxe2 29. Nxa7 Rf2 30. Rh4 e3 31. Rh1 f4 32.
Re1 Be8 33. Bxf4 Rxf4 34. Rxe3 Rxd4 35. Rxe6 Bxh5 36. c3 Rd1+ 37. Kc2 Ra1 38. Rxb6 Rxa2 39. Nb5 Ra1 40. Nd4 Bg6+ 41. Kb3 Bf7+ 42. Kb4 Rc1 43. b3 Rf1 44. Rb7 Rf4 45. Kc5 Kg8 46. c4 Kf8 47. b4 Rh4 48. b5 Ke8 49. Rb8+ Kd7 50. Rb7+ Ke8 51. Rb8+ Kd7 52. Rf8 Rh5+ 53. Kb4 Ke7 54. Rb8 Rh4 55. Kc3 Rh3+ 56. Kd2 Bxc4 57. b6 Rd3+ 58. Kc2 Rxd4 59. Kc3 Rh4 60. Rc8 Bd5 61.
Rc7+ Kd6 62. Rg7 Rh3+ 63. Kc2 Rb3 64. Rg6+ Kc5 65. Rf6 1-0